 Dungeon Crawl Stone Soup version 0.21.1-1-g345015f (webtiles) character file.

186 VLARC the Chiller (level 5, -1/38 HPs)
             Began as a Ghoul Ice Elementalist on Apr 4, 2018.
             Slain by a worm (11 damage)
             ... on level 3 of the Dungeon.
             The game lasted 00:09:38 (2619 turns).

VLARC the Chiller (Ghoul Ice Elementalist)          Turns: 2619, Time: 00:09:39

Health: -1/38      AC:  4    Str: 12    XL:     5   Next: 66%
Magic:  1/9        EV: 12    Int: 11    God:
Gold:   133        SH:  0    Dex:  9    Spells: 7/11 levels left

rFire    . . .     SeeInvis .   (no weapon)
rCold    + . .     Gourm    .   (no shield)
rNeg     + + +     Faith    .   a - +0 robe
rPois    ∞         Spirit   .   i - +0 helmet
rElec    .         Reflect  .   (no cloak)
rCorr    .         Harm     .   n - +0 pair of gloves
MR       .....                  (no boots)
Stlth    ++........             (no amulet)
HPRegen  0.00/turn              (no ring)
MPRegen  0.11/turn              (no ring)

@: rotting
A: rotting body, claws 1, carnivore, cold resistance 1, negative energy
resistance 3, inhibited regeneration, torment resistance, unbreathing
a: no special abilities


You were on level 3 of the Dungeon.
You were not hungry.

You visited 1 branch of the dungeon, and saw 3 of its levels.

You collected 133 gold pieces.

Inventory:

Missiles
 f - 76 stones (quivered)
Armour
 a - a +0 robe (worn)
 i - a +0 helmet (worn)
 n - a +0 pair of gloves (worn)
Scrolls
 g - a scroll of amnesia {unknown}
 j - a scroll of fear {unknown}
Potions
 e - 2 potions of curing {unknown}
 h - 2 potions of degeneration {unknown}
 k - a potion of mutation {unknown}
 l - a potion of lignification {unknown}
 m - a potion of brilliance {unknown}
 o - a potion of heal wounds {unknown}
Books
 b - a book of Frost

   Spells                             Type                      Level
   a - Freeze                         Ice                          1
   b - Throw Frost                    Conjuration/Ice              2
   c - Ozocubu's Armour               Charms/Ice                   3
   d - Throw Icicle                   Conjuration/Ice              4
   e - Summon Ice Beast               Ice/Summoning                4
Comestibles
 c - 5 rations
 d - 7 chunks of flesh


   Skills:
 - Level 1.7 Dodging
 - Level 2.1 Stealth
 + Level 3.5 Spellcasting
   Level 0.7 Conjurations
 + Level 5.3 Ice Magic


You had 7 spell levels left.
You knew the following spells:

 Your Spells              Type           Power        Failure   Level  Hunger
a - Freeze                Ice            ##..         2%          1    #......
b - Ozocubu's Armour      Chrm/Ice       #.......     26%         3    ###....


Dungeon Overview and Level Annotations

Branches:
Dungeon (3/15)

Altars:
Cheibriados


Innate Abilities, Weirdness & Mutations

Your body is rotting away.
You thrive on raw meat.
You are immune to poison.
You have sharp fingernails.
You are carnivorous and can eat meat at any time.
Your flesh is cold resistant. (rC+)
You are immune to negative energy. (rN+++)
You do not regenerate when monsters are visible.
You are immune to unholy pain and torment.
You can survive without breathing.


Message History

Confirm with . or Enter, or press ? or * to list all spells.
You don't have enough magic to cast that spell.
You hit the worm.
The worm is almost dead.
The worm bites you.
You barely miss the worm.
The worm is almost dead.
You barely miss the worm.
The worm is almost dead.
The worm bites you!
You hit the worm but do no damage.
The worm is severely wounded.
You hit the worm but do no damage.
The worm is severely wounded.
The worm bites you.
* * * LOW HITPOINT WARNING * * *
You hit the worm.
The worm is almost dead.
The worm bites you!
You die...

# ###. ###### ../
##≈≈≈.###.##
##≈≈≈≈≈.#...####
#_≈†.≈≈...#....#
###≈≈≈≈≈.@...##.##
#.##≈≈≈.##w)......
#.########...#....
########.######........##
#.)[...................#
#.######.######........#
#)# #.# ###...##.# #.#
#.# #.$.# .# #)# #.#
#..## .


You could see a worm.

Vanquished Creatures
  Robin (D:2)
  4 adders
  4 gnolls
  An ooze (D:1)
  2 worms (D:2)
  8 dart slugs
  4 orcs (D:3)
  A ball python (D:2)
  3 bats
  3 giant cockroaches (D:1)
  9 goblins
  12 hobgoblins
  6 jackals (D:1)
  3 kobolds
  A quokka (D:2)
  4 frilled lizards
  5 rats
71 creatures vanquished.

Notes
Turn   | Place    | Note
-------+----------+-------------------------------------------
     0 | D:1      | VLARC the Ghoul Ice Elementalist began the quest for the Orb.
     0 | D:1      | Reached XP level 1. HP: 14/14 MP: 2/2
    98 | D:1      | Reached XP level 2. HP: 8/20 MP: 0/4
   380 | D:1      | Reached XP level 3. HP: 26/26 MP: 0/5
   399 | D:1      | Reached skill level 4 in Ice Magic
   409 | D:1      | HP: 1/26 [jackal (2)]
  1079 | D:2      | Reached XP level 4. HP: 32/32 MP: 2/7
  1447 | D:2      | Noticed Robin
  1542 | D:2      | Killed Robin
  1758 | D:2      | Reached XP level 5. HP: 34/38 MP: 0/8
  1894 | D:2      | Reached skill level 5 in Ice Magic
  2027 | D:1      | Learned a level 3 spell: Ozocubu's Armour
  2577 | D:3      | Found a snail-covered altar of Cheibriados.
  2619 | D:3      | Slain by a worm

Skill      XL: |  1  2  3  4  5 |
---------------+----------------+-----
Spellcasting   | 2 3 |  3.5
Ice Magic      | 4 5 |  5.3
Dodging        | |  1.7
Stealth        | |  2.1
Conjurations   | |  0.7

Action                   |  1- 3 |  4- 6 || total
-------------------------+-------+-------++-------
Melee: Unarmed           |    69 |    79 ||   148
 Cast: Freeze            |    46 |    98 ||   144
       Ozocubu's Armour  |       |     2 ||     2
  Use: Scroll            |     1 |     2 ||     3
  Eat: Chunk             |    13 |    22 ||    35
Armor: Robe              |    20 |    29 ||    49
Dodge: Dodged            |    65 |   115 ||   180
